 Dungeon Crawl Stone Soup version 0.31-a0-174-g85c54bcb58 (webtiles) character file.

Game seed: 10570182389094909809

280 qw the Chopper (level 6, -2/38 HPs)
             Began as a Gargoyle Fighter on June 15, 2023.
             Killed by nerve-wracking pain
             ... invoked by an orc priest
              (3 damage)
             ... on level 5 of the Dungeon.
             The game lasted 00:00:54 (1910 turns).

qw the Chopper (Gargoyle Fighter)                   Turns: 1910, Time: 00:00:54

Health: -2/38      AC: 13    Str: 22    XL:     6   Next: 27%
Magic:  6/6        EV:  7    Int:  8    God:
Gold:   139        SH: 12    Dex:  9    Spells: 5/5 levels left

rFire   . . .        Y - +1 war axe
rCold   . . .        a - +0 tower shield
rNeg    + . .        b - +0 scale mail
rPois   inf          (no helmet)
rElec   +            h - +1 cloak
rCorr   .            (no gloves)
SInv    .            (no boots)
Will    .....        (no amulet) Stlth
                     (no ring)
HPRegen 0.26/turn    (no ring)
MPRegen 0.10/turn

%: no passive effects
@: no status effects
A: sickness immunity, AC +4, negative energy resistance 1, electricity
resistance, torment resistance 1, petrification resistance
a: no special abilities


You were on level 5 of the Dungeon.
You visited 1 branch of the dungeon, and saw 4 of its levels.

You collected 139 gold pieces.


Innate Abilities, Weirdness & Mutations

You are immune to sickness and miasma.
Your stone body is resilient. (AC +4)
You are immune to poison.
You resist negative energy. (rN+)
You are resistant to electric shocks. (rElec)
You are resistant to unholy torment.
You are immune to petrification.


   Skills:
 - Level 3.6 Fighting
 - Level 5.2 Axes
 - Level 3.2 Armour
 + Level 4.2 Shields


You had 5 spell levels left.
You didn't know any spells.
Your spell library was empty.

Inventory:

Hand Weapons
 c - a +0 flail
 Y - a +1 war axe (weapon)
Armour
 a - a +0 tower shield (worn)
 b - a +0 scale mail (worn)
 h - a +1 cloak (worn)
Jewellery
 k - a ring of willpower
Scrolls
 f - a scroll of revelation {unknown}
 i - a scroll of teleportation {unknown}
 j - a scroll of identify
Potions
 d - a potion of might
 g - 3 potions of curing {unknown}

Dungeon Overview and Level Annotations

Branches:
Dungeon (5/15)
 Temple: D:4-7

Altars:
Qazlal

Annotations:
D:5 1 runed translucent door, Crazy Yiuf


Message History

The orc priest calls down the wrath of Beogh upon you.
Pain shoots through your body!
You barely miss the iguana.
The iguana is heavily wounded.
You barely miss the orc priest. The orc hits you but does no damage.
The iguana barely misses you. You block the orc priest's attack.
You hit the iguana but do no damage.
The iguana is heavily wounded.
You hit the orc priest but do no damage.
The iguana bites you! You block the orc's attack.
You block the orc priest's attack.
1907 ||| DRINKING potion of heal wounds.
You feel much better.
The iguana bites you but does no damage.
The orc hits you but does no damage.
The orc priest calls down the wrath of Beogh upon you.
Beogh smites you!
You closely miss the iguana.
The iguana is heavily wounded.
You hit the orc priest but do no damage.
The orc priest hits you with a +0 hand axe.
You block the orc's attack. You block the iguana's attack.
The iguana closely misses you. You block the orc's attack.
The orc priest hits you but does no damage.
You hit the iguana but do no damage.
The iguana is heavily wounded.
You hit the orc priest but do no damage.
The orc hits you but does no damage.
The iguana bites you but does no damage.
You block the orc priest's attack.
You closely miss the iguana.
The iguana is heavily wounded.
You barely miss the orc priest.
An orc comes into view. It is wielding a +0 short sword.
You block the orc priest's attack. You block the orc's attack.
The iguana bites you! The iguana bites you.
The orc hits you but does no damage.
The orc priest mumbles some strange prayers to Beogh against you.
Pain shoots through your body!
You die...

.....#####.....# ##
####.# #.....# .. #
#.#####.....# .# #
#.#...'.....# .# #
#.#.###.....##.######
####.#.#
#..............
.......#
#.........####
.......# ####....o.#
.).....# ####@.##
.......# #.l#
.......# #/.oo
.......# #.####
.###.###### ..#
..........# ###
...###....# ...#
#....# ...7 #....#


You could see an iguana, an orc priest and 2 orcs.

Vanquished Creatures
  Sigmund (D:2)
  A scorpion (D:5)
  2 adders (D:2)
  A worm (D:2)
  6 orcs (D:3)
  5 ball pythons
  A bat (D:2)
  4 endoplasms
  3 giant cockroaches
  3 hobgoblins
  A quokka (D:2)
  A frilled lizard (D:1)
  7 goblins
  5 kobolds
  3 rats
44 creatures vanquished.

Notes
Turn   | Place    | Note
-------+----------+-------------------------------------------
     0 | D:1      | qw the Gargoyle Fighter began the quest for the Orb.
     0 | D:1      | Reached XP level 1. HP: 14/14 MP: 1/1
     0 | D:1      | 0 ||| qw: Version: 0.2-a-29-g511e9b1
     0 | D:1      | 0 ||| qw: Game counter: 5590
     0 | D:1      | 0 ||| qw: Always use a shield: true
     0 | D:1      | 0 ||| qw: God list: Okawaru
     0 | D:1      | 0 ||| qw: Allow faded altars: false
     0 | D:1      | 0 ||| qw: Do Orc after D:15 true
     0 | D:1      | 0 ||| qw: Do second Lair branch before Depths: true
     0 | D:1      | 0 ||| qw: Lair rune preference: random
     0 | D:1      | 0 ||| qw: Plans: Normal, Zot:1-4, Slime:5, God:TSO, Crypt,
                  | Tomb, Abyss, Pan, Hells, Win
     0 | D:1      | 0 ||| PLANNING D:1-11
   125 | D:1      | Reached skill level 2 in Axes
   264 | D:1      | Reached XP level 2. HP: 18/19 MP: 2/2
   323 | D:1      | Found a faded altar of an unknown god.
   664 | D:1      | 664 ||| DROPPING +0 club.
   915 | D:1      | 915 ||| UPGRADING to +0 cloak.
   920 | D:1      | 920 ||| READING scroll labelled GARATUDDUEFF.
   921 | D:1      | 921 ||| READING scroll labelled VISAEZX SEACI.
   922 | D:1      | 922 ||| READING scroll labelled MALICE IS KET.
   923 | D:1      | 923 ||| READING scroll labelled YSU KIZIEBLE.
   930 | D:2      | Found a stormy altar of Qazlal.
   950 | D:2      | Reached skill level 3 in Axes
   967 | D:2      | Noticed Sigmund
   968 | D:2      | Reached XP level 3. HP: 23/23 MP: 3/3
   969 | D:2      | 969 ||| Stepping ~*~*~tactically~*~*~ (hiding).
   988 | D:2      | Killed Sigmund
   989 | D:2      | Reached skill level 5 in Axes
   989 | D:2      | Reached XP level 4. HP: 15/28 MP: 4/4
   989 | D:2      | Reached XP level 5. HP: 18/32 MP: 5/5
  1525 | D:2      | 1525 ||| UPGRADING to +0 tower shield.
  1535 | D:2      | 1535 ||| DROPPING +0 buckler.
  1536 | D:2      | 1536 ||| READING scroll labelled LESOMU CAZORCH.
  1637 | D:2      | 1637 ||| READING scroll labelled VOTHAR APLASI.
  1638 | D:2      | 1638 ||| DRINKING 2 coppery potions.
  1639 | D:2      | 1639 ||| READING 2 scrolls of identify.
  1639 | D:2      | 1639 ||| IDENTIFYING glowing red potion
  1640 | D:2      | 1640 ||| DROPPING potion of invisibility.
  1683 | D:3      | 1683 ||| Stepping ~*~*~tactically~*~*~ (stealth).
  1716 | D:3      | 1716 ||| DROPPING +0 mace.
  1757 | D:3      | You fall into a shaft and drop 2 floors!
  1757 | D:5      | Entered Level 5 of the Dungeon
  1776 | D:5      | Reached XP level 6. HP: 27/38 MP: 6/6
  1833 | D:5      | 1833 ||| READING scroll of enchant armour.
  1833 | D:5      | 1833 ||| ENCHANTING +0 cloak.
  1855 | D:5      | Found a runed translucent door.
  1856 | D:5      | Noticed Crazy Yiuf
  1906 | D:5      | HP: 6/38 [iguana (7)]
  1907 | D:5      | 1907 ||| DRINKING potion of heal wounds.
  1910 | D:5      | HP: 1/38 [iguana (2)]
  1910 | D:5      | Killed from afar by an orc priest

Levels and vault maps discovered:
D:1:      dpeg_arrival_erosion, layout_basic, basic_ecumenical_altar
D:2:      layout_basic, basic_altar, uniq_sigmund
D:3:      layout_rooms, chequers_serial_rivers_room_b
D:5:      layout_basic, minmay_temple_entry_junction, uniq_crazy_yiuf_cottage

Skill      XL: |  1  2  3  4  5 |
---------------+----------------+-----
Axes           | 2 3 5 |  5.2
Shields        | 4 |  4.2
Fighting       | |  3.6
Armour         | |  3.2

Action                     |  1- 3 |  4- 6 || total
---------------------------+-------+-------++-------
  Melee: War axe           |    68 |    91 ||   159
    Use: Scroll            |     4 |     4 ||     8
         Potion            |       |     2 ||     2
 Armour: Scale mail        |    25 |    47 ||    72
  Dodge: Dodged            |    25 |    27 ||    52
  Block: Buckler           |    12 |     7 ||    19
         Tower shield      |       |    47 ||    47

Table legend:
 A = Non-vault XP
 B = Vault XP
 C = Vault XP percentage of total XP
 D = Non-vault monster count
 E = Vault monster count
 F = Vault count percentage of total count
                 A         B        C        D         E       F
            +---------+---------+-------+---------+---------+-------
      Total |     186 |     214 |  53.5 |      43 |       1 |   2.3
            +---------+---------+-------+---------+---------+-------
        D:1 |      27 |       0 |   0.0 |      18 |       0 |   0.0
        D:2 |      56 |     214 |  79.3 |      17 |       1 |   5.6
        D:3 |      20 |       0 |   0.0 |       7 |       0 |   0.0
        D:5 |      83 |       0 |   0.0 |       1 |       0 |   0.0
            +---------+---------+-------+---------+---------+-------
